 Dungeon Crawl Stone Soup version 0.32-a0-933-ga8fa3634e4 (webtiles) character file.

Game seed: 7070088817425797059

7032 jasper the Fighter (level 10, -6/85 HPs)
             Began as a Demonspawn Fighter on Apr 14, 2024.
             Was a Follower of Wu Jian.
             Killed by the air
             ... invoked by Gastronok
              (32 damage)
             ... on level 9 of the Dungeon.
             The game lasted 00:15:23 (9983 turns).

jasper the Fighter (Demonspawn Fighter)             Turns: 9983, Time: 00:15:23

Health: -6/85      AC:  8    Str: 21    XL:     10   Next: 82%
Magic:  10/10      EV: 17    Int:  5    God:    Wu Jian [*.....]
Gold:   486        SH: 14    Dex: 19    Spells: 9/9 levels left

rFire   + . .        j - +1 short sword (venom)
rCold   . . .        c - +0 buckler
rNeg    + + +        K - +0 steam dragon scales
rPois   .            A - +1 helmet
rElec   +            (no cloak)
rCorr   .            l - +0 pair of gloves
SInv    .            (no boots)
Will    .....        n - amulet of reflection
Stlth   ++           g - +6 ring of dexterity
HPRegen 0.34/turn    L - ring "Fantefawk" {*Corrode rElec rF+ rN+++ Int-3}
MPRegen 0.12/turn

%: corrode self (3%), reflection
@: no status effects
A: claws 2, large bone plates 1, demonic guardian 1, spiny 1
a: Renounce Religion


You were on level 9 of the Dungeon.
You worshipped Wu Jian.
Wu Jian was aware of your devotion.
You visited 2 branches of the dungeon, and saw 10 of its levels.

You collected 486 gold pieces.

Inventory:

Hand Weapons
 a - a +0 war axe
 j - a +1 short sword of venom (weapon)
 x - a +0 antimagic falchion
Missiles
 e - 64 stones (quivered)
 s - 6 curare-tipped darts
 w - 4 javelins
 E - 3 boomerangs
 H - 3 darts of dispersal
Armour
 c - a +0 buckler (worn)
 l - a +0 pair of gloves (worn)
 A - a +1 helmet (worn)
 K - +0 steam dragon scales (worn)
 O - a +1 kite shield of reflection
Jewellery
 g - a +6 ring of dexterity (left hand)
 n - an amulet of reflection (around neck)
 q - an amulet of the acrobat
 u - an amulet of magic regeneration
 D - a ring of positive energy
 L - the ring "Fantefawk" (right hand) {*Corrode rElec rF+ rN+++ Int-3}
   (You acquired it on level 9 of the Dungeon)

   [ring of protection from fire]

   Int-3:     It affects your intelligence (-3).
   rF+:       It protects you from fire.
   rElec:     It insulates you from electricity.
   rN+++:     It renders you almost immune to negative energy.
   *Corrode:  It may corrode you when you take damage.
 N - a ring of ice
Talismans
 t - a maw talisman
Wands
 y - a wand of digging (7)
 G - a wand of paralysis (17)
Scrolls
 d - a scroll of poison
 f - 3 scrolls of noise
 h - a scroll of revelation
 m - 4 scrolls of teleportation
 p - a scroll of immolation
 J - 3 scrolls of silence
Potions
 i - 2 potions of brilliance
 k - a potion of cancellation
 r - a potion of attraction {unknown}
 v - a potion of lignification {unknown}
 B - a potion of enlightenment {unknown}
 C - a potion of mutation {unknown}
 F - 2 potions of resistance {unknown}
 M - a potion of heal wounds {unknown}


   Skills:
 - Level 10.0 Fighting
 - Level 3.2 Axes
 - Level 2.6 Armour
 - Level 10.0 Dodging
 + Level 4.3 Shields
 - Level 6.4 Unarmed Combat


You had 9 spell levels left.
You didn't know any spells.
Your spell library contained the following spells:

 Spells                   Type           Power      Damage    Failure   Level
 Apportation              Tloc           0%         N/A       54%         1
 Necrotise                Necr           0%         1d4       54%         1
 Shock                    Conj/Air       0%         1d3       54%         1
 Slow                     Hex            0%         N/A       54%         1
 Sting                    Conj/Alch      0%         1d3       54%         1
 Summon Small Mammal      Summ           0%         N/A       54%         1
 Blink                    Tloc           0%         N/A       69%         2
 Ensorcelled Hibernation  Hex/Ice        0%         N/A       69%         2
 Lesser Beckoning         Tloc           0%         N/A       69%         2
 Momentum Strike          Conj/Tloc      0%         3d8       69%         2
 Confusing Touch          Hex            0%         N/A       89%         3
 Passwall                 Erth           0%         N/A       89%         3
 Swiftness                Air            0%         N/A       89%         3
 Teleport Other           Tloc           0%         N/A       89%         3
 Vampiric Draining        Necr           0%         2d6       89%         3
 Airstrike                Air            0%         2d(0-16)  100%        4
 Dispersal                Tloc           0%         N/A       100%        6
 Gell's Gavotte           Tloc           0%         2d(11-16) 100%        6


Dungeon Overview and Level Annotations

Branches:
Dungeon (9/15)             Temple (1/1) D:4            Lair (0/5) D:9
    Orc (0/2) D:9

Altars:
Ashenzari
Cheibriados
Dithmenos
Fedhas
Gozag
Hepliaklqana
Kikubaaqudgha
Makhleb
Nemelex Xobeh
Okawaru
Qazlal
Ru
Sif Muna
Trog
Uskayaw
Vehumet
Wu Jian
Xom
Yredelemnul

Shops:
D:1 (

Annotations:
D:6 exclusion: electric eel
D:9 Gastronok


Innate Abilities, Weirdness & Mutations

You have very sharp fingernails.
You are partially covered in large bone plates. (SH +4)
A weak demonic guardian rushes to your aid.
You are partially covered in sharp spines.


Message History

You hit Gastronok but do no damage.
Gastronok looks as sick as possible!
Gastronok is severely wounded.
You hit Gastronok but do no damage.
Gastronok is severely wounded.
You block Gastronok's attack.
You hit Gastronok.
Gastronok looks as sick as possible!
Gastronok is severely wounded.
You hit Gastronok but do no damage.
Gastronok is severely wounded.
Gastronok bites you!!
* * * LOW HITPOINT WARNING * * *
A demonic guardian appears!
You take 20 damage, and have 13/85 hp.
MASSIVE DAMAGE!!
You swap places.
Gastronok bites your ufetubus!
Your ufetubus dies!
Your ufetubus disappears in a puff of smoke!
You lunge at Gastronok.
You hit Gastronok but do no damage.
Gastronok is almost dead.
Gastronok casts a spell.
You see here a curare-tipped dart.
Okay, then.
You are confused.
You feel invigorated.
You regained 3 hp, and now have 17/85 hp.
Gastronok casts a spell.
You regained 5 hp, and now have 22/85 hp.
You feel less invigorated.
You feel less confused. You block the river rat's attack.
You regained 3 hp, and now have 25/85 hp.
You hit the river rat but do no damage.
The river rat is poisoned.
You block Gastronok's attack. The river rat is struck by your spines.
The river rat barely misses you.
You hit Gastronok.
Gastronok is almost dead.
You block the river rat's attack.
Gastronok waves his eye-stalks in wide circles.
The air twists around and strikes you!!
You die...
Gastronok gurgles, "Let's see if you taste as good as that wizard did."

......#
#........#
......#
#........#
......#
#........#
#######
######'###
..<# #..#
##'####
#.##
......#
#.#
......#
#r#
......#
#@#
......#
#w#
......#
#r#
..>...#
#r#
......#
#.#
......#
#.#
......#
##)#
......#
#..#
..)...#
#.##


You could see Gastronok (very poisoned) and 3 river rats.

Vanquished Creatures
  2 two-headed ogres
  2 cyclopes (D:7)
  A kobold demonologist (D:9)
  Psyche (D:8)
  A vampire (D:9)
  A wyvern (D:9)
  3 steam dragons (D:8)
  An acid dragon (D:9)
  An orc warrior (D:9)
  2 black bears
  A sky beast (D:6)
  3 ogres
  2 centaurs
  A kobold brigand (D:9)
  Blork the orc (D:5)
  A bullfrog (D:9)
  5 scorpions
  12 wights
  13 killer bees
  2 bombardier beetles
  2 orc priests
  4 hounds
  4 jellies
  A sleepcap (D:7)
  A gnoll bouda (D:9)
  4 orc wizards
  3 iguanas
  3 gnolls (D:9)
  8 adders
  2 white imps (D:5)
  4 ufetubi (D:6)
  2 ribbon worms
  4 dart slugs
  24 orcs
  6 bats
  8 endoplasms
  4 giant cockroaches
  2 goblins
  8 hobgoblins
  3 quokkas
  8 ball pythons
  2 frilled lizards (D:3)
  15 kobolds
  5 rats
183 creatures vanquished.

Vanquished Creatures (collateral kills)
  A two-headed ogre (D:9)
1 creature vanquished.

Grand Total: 184 creatures vanquished

Notes
Turn   | Place    | Note
-------+----------+-------------------------------------------
     0 | D:1      | jasper the Demonspawn Fighter began the quest for the Orb.
     0 | D:1      | Reached XP level 1. HP: 18/18 MP: 1/1
   247 | D:1      | Gained mutation: You are partially covered in sharp spines.
                  | [demonic ancestry]
   247 | D:1      | Reached XP level 2. HP: 24/24 MP: 2/2
   368 | D:1      | Found Ipaclai's Antique Weapon Emporium.
  1194 | D:2      | Gained mutation: You have sharp fingernails. [demonic
                  | ancestry]
  1194 | D:2      | Reached XP level 3. HP: 29/29 MP: 3/3
  1579 | D:2      | Reached skill level 1 in Unarmed Combat
  1929 | D:3      | Reached XP level 4. HP: 35/35 MP: 4/4
  2355 | D:3      | Reached XP level 5. HP: 42/42 MP: 5/5
  3307 | D:4      | Reached skill level 5 in Fighting
  3373 | D:4      | Noticed an ogre
  3381 | D:4      | Killed an ogre
  3382 | D:4      | Reached XP level 6. HP: 39/52 MP: 6/6
  3440 | D:4      | Found a shimmering blue altar of Sif Muna.
  3537 | D:4      | Found a staircase to the Ecumenical Temple.
  3563 | Temple   | Entered the Ecumenical Temple
  3798 | D:4      | Found a sparkling altar of Nemelex Xobeh.
  3809 | D:4      | Found a sacrificial altar of Ru.
  3809 | D:4      | Found a radiant altar of Vehumet.
  3809 | D:4      | Found a broken altar of Ashenzari.
  3874 | D:5      | Entered Level 5 of the Dungeon
  3908 | D:5      | Found a shadowy altar of Dithmenos.
  3971 | D:5      | Reached XP level 7. HP: 55/60 MP: 7/7
  4768 | D:5      | Noticed Blork the orc
  4776 | D:5      | Killed Blork the orc
  4871 | D:5      | Found a burning altar of Makhleb.
  4871 | D:5      | Found a snail-covered altar of Cheibriados.
  5202 | D:5      | Gained mutation: A weak demonic guardian rushes to your
                  | aid. [demonic ancestry]
  5202 | D:5      | Reached XP level 8. HP: 69/70 MP: 8/8
  6007 | D:6      | Reached skill level 10 in Fighting
  6007 | D:6      | Reached skill level 1 in Dodging
  7091 | D:7      | Found an iron altar of Okawaru.
  7092 | D:7      | Found an ancient bone altar of Kikubaaqudgha.
  7159 | D:7      | Noticed a cyclops
  7173 | D:7      | Killed a cyclops
  7174 | D:7      | Reached skill level 5 in Dodging
  7174 | D:7      | Gained mutation: You are partially covered in large bone
                  | plates. (SH +4) [demonic ancestry]
  7174 | D:7      | Reached XP level 9. HP: 71/78 MP: 9/9
  7314 | D:7      | Noticed a cyclops
  7329 | D:7      | Killed a cyclops
  8245 | D:8      | Found an ornate altar of the Wu Jian Council.
  8266 | D:8      | Became a worshipper of the Wu Jian Council
  8274 | D:8      | Noticed a two-headed ogre
  8282 | D:8      | Killed a two-headed ogre
  8580 | D:8      | Gained mutation: You have very sharp fingernails. [demonic
                  | ancestry]
  8580 | D:8      | Reached XP level 10. HP: 23/85 MP: 10/10
  8794 | D:8      | Noticed Psyche
  8805 | D:8      | Killed Psyche
  8939 | D:9      | Found a staircase to the Orcish Mines.
  8962 | D:9      | Noticed a two-headed ogre
  8972 | D:9      | Killed a two-headed ogre
  8973 | D:9      | Reached skill level 10 in Dodging
  9240 | D:9      | Identified the +7 quarterstaff "Addonais" {elec, MP-9 Str+6
                  | Int+2}
  9246 | D:9      | Identified the +0 trident of Honour {freeze, Str+8 Int+4}
  9336 | D:9      | Identified a scroll of acquirement
  9336 | D:9      | Acquired the ring "Fantefawk" {*Corrode rElec rF+ rN+++
                  | Int-3}
  9370 | D:9      | Reached * piety under Wu Jian
  9486 | D:9      | Reached skill level 5 in Unarmed Combat
  9526 | D:9      | Found a staircase to the Lair.
  9684 | D:9      | Noticed a two-headed ogre
  9709 | D:9      | Killed a two-headed ogre
  9907 | D:9      | Noticed Gastronok
  9983 | D:9      | Killed from afar by Gastronok

Illustrated notes

Levels and vault maps discovered:
D:1:      dpeg_arrival_windows_large_door, layout_rooms,
          serial_co_window_serial, co_window_of_opportunity_a,
          co_window_paths_b, co_window_paths_a, co_window_paths_b,
          co_window_paths_b, co_window_corner_b, co_window_unsneaky_path_c,
          co_window_2corner, co_window_paths_c, co_window_paths_c,
          co_window_4corner_a, co_window_4corner_b, glass_columns_a,
          glass_columns_a, serial_shops, shop
D:2:      layout_basic
D:3:      layout_basic
D:4:      layout_loops_cross, marbit_many_paths, minitemple,
          minmay_temple_entry_crystal_x
D:5:      layout_loops_corners, nicolae_dithmenos_shadow_blocks,
          jmf_multi_god_temple, minivault_5, palyth_stone_intersect,
          columned_hall_lemuel, kennysheep_generic_room_8, uniq_blork_the_orc
D:6:      layout_loops_cross, minivault_11, minivault_4
D:7:      layout_loops_cross, grunt_temple_overflow_open
D:8:      layout_gridville, nicolae_wu_jian_wuxing_cycle, chequers_arboretum,
          uniq_psyche
D:9:      layout_roguey, lair_entry_dummy, uniq_gastronok
Temple:   bh_familiar_temple

Skill      XL: |  1  2  3  4  5  6  7  8  9 10 |
---------------+-------------------------------+-----
Axes           | 2 3 |  3.2
Unarmed Combat | 2 6 |  6.4
Fighting       | 4 5 7 8 10 | 10.0
Dodging        | 5 9 10 | 10.0
Shields        | 4 |  4.3
Armour         | |  2.6

Action                     |  1- 3 |  4- 6 |  7- 9 | 10-12 || total
---------------------------+-------+-------+-------+-------++-------
  Melee: War axe           |    43 |       |       |       ||    43
         Short sword       |    35 |   109 |   252 |   118 ||   514
         Unarmed           |       |       |    50 |    56 ||   106
  Throw: Stone             |     7 |    13 |    18 |       ||    38
         Dart              |       |     2 |    14 |     6 ||    22
         Javelin           |       |       |     2 |       ||     2
         Boomerang         |       |       |       |     2 ||     2
Ability: Lunge             |       |       |     5 |    15 ||    20
  Evoke: Wand              |       |       |     2 |     2 ||     4
    Use: Scroll            |     6 |     1 |     7 |     3 ||    17
         Potion            |       |     1 |       |     2 ||     3
 Armour: Scale mail        |    38 |    62 |   150 |       ||   250
         Steam dragon scal |       |       |       |    45 ||    45
  Dodge: Dodged            |    19 |    24 |    95 |    55 ||   193
  Block: Buckler           |    16 |    31 |   178 |    98 ||   323
         Reflection        |       |       |     2 |     1 ||     3

Table legend: (Time is in decaauts)
 A = Elapsed time spent in this place.
 B = Non-inter-level travel time spent in this place.
 C = Inter-level travel time spent in this place.
 D = Time resting spent in this place.
 E = Time spent auto-exploring this place.
 F = Levels seen in this place.
 G = Mean time per level.
                   A        B        C        D        E       F      G
               +--------+--------+--------+--------+--------+-----+--------+
         Total |  10023 |   9650 |    373 |   1650 |   6177 |  10 | 1002.3 |
       Dungeon |  10021 |   9648 |    373 |   1650 |   6177 |   9 | 1113.4 |
        Temple |      1 |      1 |      0 |      0 |      0 |   1 |    1.0 |
               +--------+--------+--------+--------+--------+-----+--------+

Top non-repeatable levels by time:
     D:5: 1669 daAuts
     D:6: 1459 daAuts
     D:1: 1164 daAuts
     D:3: 1112 daAuts
     D:9: 1068 daAuts
     D:8: 1030 daAuts
     D:7: 896 daAuts
     D:4: 864 daAuts
     D:2: 756 daAuts
  Temple: 1 daAuts
